 Dungeon Crawl Stone Soup version 0.29.1-1-gd02db6906a (webtiles) character file.

Game seed: 2791367939469596920

132 GigaChad the Trooper (level 4, -2/42 HPs)
             Began as a Minotaur Fighter on Oct 6, 2022.
             Succumbed to Sigmund's poison
             ... on level 4 of the Dungeon.
             The game lasted 00:03:59 (2877 turns).

GigaChad the Trooper (Minotaur Fighter)             Turns: 2877, Time: 00:03:59

Health: -2/42      AC: 12    Str: 23    XL:     4   Next: 92%
Magic:  3/3        EV:  5    Int:  5    God:
Gold:   142        SH:  8    Dex:  9    Spells: 3/3 levels left

rFire   . . .      SeeInvis .   a - +1 long sword
rCold   . . .      Faith    .   k - +0 kite shield
rNeg    . . .      Spirit   .   t - +0 plate armour
rPois   .          Reflect  .   m - +0 hat
rElec   .          Harm     .   (no cloak)
rCorr   .          Rampage  .   (no gloves)
Will    .....                   (no boots)
Stlth   ..........              (no amulet)
HPRegen 0.14/turn               (no ring)
MPRegen 0.08/turn               (no ring)

@: lethally poisoned (-2 -> -34)
A: horns 2, retaliatory headbutt
a: no special abilities


You were on level 4 of the Dungeon.
You visited 1 branch of the dungeon, and saw 4 of its levels.

You collected 142 gold pieces.

Inventory:

Hand Weapons
 a - a +1 long sword (weapon)
Armour
 b - a +0 scale mail
 c - a +0 buckler
 k - a +0 kite shield (worn)
 m - a +0 hat (worn)
 t - a +0 plate armour (worn)
Scrolls
 e - 2 scrolls of poison {unknown}
 h - a scroll of teleportation
 j - a scroll of identify {unknown}
 l - a scroll of brand weapon {unknown}
 n - a scroll of vulnerability {unknown}
 o - a scroll of summoning {unknown}
 q - a scroll of butterflies {unknown}
 r - a scroll of amnesia {unknown}
 s - a scroll of blinking {unknown}
Potions
 d - a potion of might
 f - a potion of heal wounds
 g - a potion of flight {unknown}
 i - 2 potions of mutation {unknown}
 p - 2 potions of curing {unknown}


   Skills:
 + Level 5.0 Fighting
 - Level 3.3 Long Blades
 - Level 4.7 Armour
 - Level 1.0 Dodging
 - Level 4.1 Shields


You had 3 spell levels left.
You didn't know any spells.
Your spell library contained the following spells:

 Spells                   Type           Power      Damage    Failure   Level
 Blink                    Tloc           0%         N/A       100%        2
 Lesser Beckoning         Tloc           0%         N/A       100%        3
 Manifold Assault         Tloc           0%         N/A       100%        5


Dungeon Overview and Level Annotations

Branches:
Dungeon (4/15)
 Temple: D:4-7

Altars:

Annotations:
D:4 Sigmund


Innate Abilities, Weirdness & Mutations

You have a pair of horns on your head.
You reflexively headbutt those who attack you in melee.


Message History

You completely miss the ball python.
The ball python bites you but does no damage.
The ball python constricts you.
You hit the ball python.
You kill the ball python!
Sigmund hits you but does no damage.
You are poisoned.
You hit the ball python.
You kill the ball python!
You feel very sick. You block Sigmund's attack.
You feel sick. You block Sigmund's attack.
You see here a ball python corpse.
You feel sick. You block Sigmund's attack.
You slash Sigmund!
Sigmund is moderately wounded.
You feel sick.
You closely miss Sigmund.
Sigmund is moderately wounded.
You feel sick.
Sigmund hits you with a +2 scythe of venom.
You are more poisoned.
You hit Sigmund but do no damage.
Sigmund is moderately wounded.
You feel very sick.
Sigmund hits you with a +2 scythe of venom!
You are lethally poisoned!
You barely miss Sigmund.
Sigmund is moderately wounded.
* * * LOW HITPOINT WARNING * * *
You feel extremely sick. Sigmund gestures at you while chanting.
The magic dart hits you but does no damage.
Sigmund hits you with a +2 scythe of venom.
* * * LOW HITPOINT WARNING * * *
You are more poisoned.
Unknown command.
Unknown command.
Unknown command.
You die...

### ..#
#.####.#
.....#
#.†######
#...@..<#
#..@#####
.......>.
#####.#.##
#....
###.#.
.#.. .# ##


You could see Sigmund.

Vanquished Creatures
  Jessica (D:3)
  3 gnolls (D:3)
  2 adders (D:2)
  A white imp (D:3)
  A dart slug (D:2)
  4 bats
  5 endoplasms
  3 giant cockroaches
  5 goblins
  6 hobgoblins
  2 jackals (D:1)
  3 kobolds
  2 quokkas (D:1)
  6 ball pythons
  4 frilled lizards
  3 rats
51 creatures vanquished.

Notes
Turn   | Place    | Note
-------+----------+-------------------------------------------
     0 | D:1      | GigaChad the Minotaur Fighter began the quest for the Orb.
     0 | D:1      | Reached XP level 1. HP: 19/19 MP: 0/0
   246 | D:1      | Reached XP level 2. HP: 16/27 MP: 1/1
   501 | D:1      | Reached skill level 4 in Fighting
  1147 | D:2      | Reached XP level 3. HP: 21/33 MP: 2/2
  2100 | D:3      | Noticed Jessica
  2104 | D:3      | Killed Jessica
  2105 | D:3      | Reached skill level 1 in Dodging
  2105 | D:3      | Reached XP level 4. HP: 40/40 MP: 3/3
  2348 | D:3      | Reached skill level 5 in Fighting
  2863 | D:4      | Noticed Sigmund
  2877 | D:4      | Succumbed to Sigmund's poison

Illustrated notes

Levels and vault maps discovered:
D:1:      roderic_chinese_lattice_arrival, layout_basic
D:2:      layout_basic, kennysheep_boxes
D:3:      layout_basic, st_stairs_6, uniq_jessica
D:4:      layout_basic, serial_shops, shop, uniq_edmund, uniq_natasha,
          uniq_sigmund

Skill      XL: |  1  2  3  4 |
---------------+-------------+-----
Armour         | 4 |  4.7
Fighting       | 4 5 |  5.0
Shields        | 4 |  4.1
Long Blades    | 3 |  3.3
Dodging        | 1 |  1.0

Action                   |  1- 3 |  4- 6 || total
-------------------------+-------+-------++-------
Melee: Long sword        |    96 |    25 ||   121
       Headbutt          |    14 |     5 ||    19
  Use: Scroll            |     2 |     1 ||     3
Armor: Scale mail        |    54 |     2 ||    56
       Plate armour      |       |     5 ||     5
Dodge: Dodged            |    52 |     4 ||    56
Block: Buckler           |    25 |       ||    25
       Kite shield       |     5 |    11 ||    16
